 Dungeon Sprint DCSS version 0.27-a0-216-g1fbed8a51c (webtiles) character file.

Game seed: 5412331796529870127

95 mhtbhm the Insei (level 4, -15/33 HPs)
             Began as an Octopode Transmuter on Jan 31, 2021.
             Demolished by a water elemental (19 damage)
             ... in the Dungeon (Sprint III: "The Ten Rune Challenge").
             The game lasted 00:01:03 (405 turns).

mhtbhm the Insei (Octopode Transmuter)               Turns: 405, Time: 00:01:04

Health: -15/33     AC:  5    Str: 10    XL:     4   Next: 65%
Magic:  7/10       EV: 11    Int: 15    God:
Gold:   19         SH:  0    Dex: 12    Spells: 1/11 levels left

rFire    x . .     SeeInvis .     - Unarmed
rCold    + + +     Faith    .   (shield currently unavailable)
rNeg     . . .     Spirit   .   (helmet currently unavailable)
rPois    +         Reflect  .   (no amulet)
rElec    .         Harm     .   (no ring)
rCorr    .         Rampage  .   (no ring)
Will     .....     NoTele   +   (no ring)
Stlth    ++........             (no ring)
HPRegen  0.11/turn              (no ring)
MPRegen  0.12/turn              (no ring)
                                (no ring)
                                (no ring)

@: ice-form
A: large, almost no armour, stealthy swim, amphibious, 8 rings, (constrict 8),
mutation resistance 1
a: End Transformation


You were in the Dungeon.
You were a creature of crystalline ice.
You visited 1 branch You collected 19 gold pieces.

Inventory:

Scrolls
 a - a scroll of torment {unknown}
 g - a scroll of blinking
 h - 3 scrolls of identify
 i - 3 scrolls of remove curse
 k - a scroll of immolation {unknown}
Potions
 b - a potion of curing
 c - a potion of heal wounds
 d - a potion of haste
 e - 2 potions of magic
 f - a potion of berserk rage
 j - 3 potions of flight
 l - 3 potions of mutation


   Skills:
 + Level 1.0 Fighting
 + Level 3.5 Dodging
 + Level 1.5 Stealth
 + Level 6.7 Unarmed Combat
 + Level 4.0 Spellcasting
 + Level 4.0 Transmutations
 + Level 0.6 Poison Magic


You had one spell level left.
You knew the following spells:

 Your Spells              Type           Power        Failure   Level
a - Beastly Appendage     Tmut           30%          3%          1
b - Wereblood             Tmut           15%          5%          2
c - Spider Form           Tmut/Pois      5%           21%         3
d - Ice Form              Ice/Tmut       9%           61%         4

Your spell library contained the following spells:

 Spells                   Type           Power        Failure   Level
 Blade Hands              Tmut           7%           67%         5


Dungeon Overview and Level Annotations

Branches:
Dungeon (1/1)

Altars:


Innate Abilities, Weirdness & Mutations

You cannot wear most types of armour.
You are very stealthy in the water. (Stealth+)
You are amphibious.
You can wear up to eight rings at the same time.
((You can use your tentacles to constrict eight enemies at once.))
((Your skin changes colour to match your surroundings (Stealth+).))
((Your rubbery body absorbs attacks. (AC +1, EV +1)))
You are somewhat resistant to further mutation.


Message History

* * * LOW HITPOINT WARNING * * *
Unknown command.
You punch the water elemental! You freeze the water elemental.
The water elemental is moderately damaged.
The water elemental closely misses you.
You hit the water elemental but do no damage.
The water elemental is moderately damaged.
The water elemental hits you.
* * * LOW HITPOINT WARNING * * *
The water elemental engulfs you in water!
Unknown command.
You slip free of the water engulfing you.
The water engulfing you falls away.
You hit the water elemental but do no damage.
The water elemental is moderately damaged.
You hit the water elemental but do no damage.
The water elemental is moderately damaged.
The water elemental hits you!!
Ouch! That really hurt!
You die...

▓▓▓▓▓▓▓▓▓ ▓▓▓ ▓<..#...####
##.# ▓...#......#####..#
▓..##.......#..#..#
▓##.##.##..÷#..#..###+#+##
##.##.###..##'#..#.......
▓#.####.##..###.YE'.⌠.....
▓.###..##.)####...#...####
▓#.....##..###....#.⌠.#
###†.##...##.....#...#
#..##....#..†...#+###
#..###..##.#.....# #(. #..
####....# ▓▓▓ ▓▓▓ ▓▓▓▓▓▓


You could see a water elemental.

Vanquished Creatures
  A scorpion (D)
  Jessica (D)
  A human (D)
  3 rats (D)
6 creatures vanquished.

Notes
Turn   | Place    | Note
-------+----------+-------------------------------------------
     0 | D        | mhtbhm the Octopode Transmuter began the quest for the Orb.
     0 | D        | Reached XP level 1. HP: 13/13 MP: 3/3
    42 | D        | Noticed Jessica
    47 | D        | Killed Jessica
    48 | D        | Reached skill level 5 in Unarmed Combat
    48 | D        | Reached XP level 2. HP: 6/18 MP: 1/6
    48 | D        | Reached XP level 3. HP: 8/23 MP: 1/7
   107 | D        | Learned a level 2 spell: Wereblood
   111 | D        | Learned a level 3 spell: Spider Form
   257 | D        | Noticed a scorpion
   262 | D        | Killed a scorpion
   263 | D        | Reached skill level 1 in Stealth
   263 | D        | Reached skill level 6 in Unarmed Combat
   263 | D        | Reached XP level 4. HP: 22/28 MP: 2/9
   290 | D        | Gained mutation: You occasionally shout uncontrollably at
                  | your foes. [potion of mutation]
   290 | D        | Gained mutation: You are weak. (Str -2) [potion of
                  | mutation]
   290 | D        | Gained mutation: You can translocate small distances at
                  | will. [potion of mutation]
   291 | D        | Lost mutation: You occasionally shout uncontrollably at
                  | your foes. [potion of mutation]
   291 | D        | Lost mutation: You are weak. (Str -2) [potion of mutation]
   291 | D        | Lost mutation: You can translocate small distances at will.
                  | [potion of mutation]
   291 | D        | Gained mutation: You are somewhat resistant to further
                  | mutation. [potion of mutation]
   329 | D        | Learned a level 4 spell: Ice Form
   397 | D        | Noticed a water elemental
   405 | D        | Demolished by a water elemental

Illustrated notes

Levels and vault maps discovered:
D:        dungeon_sprint_mu [sprint_mu_entry_cave, sprint_mu_temple_rooms,
          sprint_mu_d1_horrors, sprint_mu_d2_genie, sprint_mu_d3_branching,
          sprint_mu_orc_legion, sprint_mu_elf_gauntlet, sprint_mu_hive_nellie,
          sprint_mu_lair_fedhas, sprint_mu_vaults_butterflies,
          sprint_mu_slime_circle, sprint_mu_swamp_cave, sprint_mu_snake_twists,
          sprint_mu_blade_basic, sprint_mu_crypt_fortress,
          sprint_mu_tomb_spiral, sprint_mu_vestibule_basic,
          sprint_mu_gehenna_hellfire, sprint_mu_dis_giant,
          sprint_mu_tartarus_statrot, sprint_mu_cocytus_islands, sprint_mu_zot1]

Skill      XL: |  1  2  3  4 |
---------------+-------------+-----
Unarmed Combat | 5 6 |  6.7
Spellcasting   | 3 4 |  4.0
Transmutations | 3 4 |  4.0
Dodging        | 3 |  3.5
Stealth        | 1 |  1.5
Fighting       | |  1.0
Poison Magic   | |  0.6

Action                   |  1- 3 |  4- 6 || total
-------------------------+-------+-------++-------
Melee: Unarmed           |     9 |    10 ||    19
       Constrict         |     3 |     1 ||     4
       Kick              |     2 |       ||     2
       Tentacles         |     1 |     1 ||     2
 Cast: Beastly Appendage |     2 |       ||     2
       Spider Form       |     1 |       ||     1
       Wereblood         |     1 |       ||     1
       Ice Form          |       |     1 ||     1
  Use: Potion            |       |     2 ||     2
 Stab: Sleeping          |     1 |       ||     1
Dodge: Dodged            |     7 |     4 ||    11

Table legend: (Time is in decaauts)
 A = Elapsed time spent in this place.
 B = Non-inter-level travel time spent in this place.
 C = Inter-level travel time spent in this place.
 D = Time resting spent in this place.
 E = Time spent auto-exploring this place.
 F = Levels seen in this place.
 G = Mean time per level.
                   A        B        C        D        E       F      G
               +--------+--------+--------+--------+--------+-----+--------+
         Total |    403 |    403 |      0 |    287 |     26 |   1 |  403.0 |
       Dungeon |    403 |    403 |      0 |    287 |     26 |   1 |  403.0 |
               +--------+--------+--------+--------+--------+-----+--------+

Top non-repeatable levels by time:
       D: 403 daAuts
